 Dungeon Crawl Stone Soup version 0.17-a0-1949-g1acca9a (webtiles) character file.

101474 Herrn the Severer (level 16, -4/89 HPs)
             Began as a Tengu Fighter on Oct 2, 2015.
             Was a High Priest of Okawaru.
             Blown up by an ancient lich (38 damage)
             ... with a wavering orb of destruction
             ... on level 1 of the Abyss.
             The game lasted 01:44:15 (34443 turns).

Herrn the Severer (Tengu Fighter)                  Turns: 34443, Time: 01:44:15

Health: -4/89      AC: 19    Str: 17    XL:     16   Next: 30%
Magic:  24/24      EV: 26    Int:  8    God:    Okawaru [*****.]
Gold:   2677       SH: 19    Dex: 18    Spells: 1 memorised, 13 levels left

rFire  + . .     SeeInvis .     x - +5 broad axe (flame)
rCold  . . .     Rnd*Rage +     M - +6 scale mail of the Good {Regen+ rCorr MP+9 Slay-4}
rNeg   + + .     SustAt   .     k - +5 shield {reflect}
rPois  .         Gourm    .     (helmet restricted)
rElec  .         Spirit   .     Z - +2 cloak
rCorr  +         Warding  +     L - +1 pair of gloves {Str+3}
rMut   .         Stasis   .     (boots unavailable)
MR     +....                    J - amulet of warding
Stlth  ++........               U - ring of positive energy
                                N - ring of protection from fire

@: heroism, flying quickly and evasively, quick, somewhat resistant to hostile
enchantments, unstealthy
A: beak, talons 3, berserk 2, blurry vision 2, deformed body, deterioration 1,
dopey 1, frail 1, low mp 3, screaming 3, slow healing 1, weak 2, subdued magic
1, MP-powered wands, able to fly 2
a: Stop Flying, Heroism, Finesse, Renounce Religion


You were on level 1 of the Abyss.
You worshipped Okawaru.
Okawaru was extremely pleased with you.
You were very hungry.

You visited 4 branches of the dungeon, and saw 27 of its levels.
You visited the Abyss 1 time.
You also visited: Labyrinth, Sewer and Ossuary.

You collected 2919 gold pieces.
You spent 242 gold pieces at shops.

Inventory:

Hand weapons
 x - a +5 broad axe of flaming (weapon)
Armour
 h - a +3 chain mail of fire resistance
 k - a +5 shield of reflection (worn)
 l - a +3 chain mail of cold resistance
 G - a quicksilver dragon armour
 L - a +1 pair of gloves of strength (worn)
 M - the +6 scale mail of the Good (worn) {Regen+ rCorr MP+9 Slay-4}
   (You found it in a labyrinth)

   It affects your accuracy and damage with ranged weapons and melee attacks
   (-4).
   It affects your magic capacity (+9).
   It increases your rate of regeneration.
   It protects you from acid and corrosion.
 T - the +3 buckler of Divine Compulsion {Int+4}
   (You found it on level 10 of the Dungeon)

   It affects your intelligence (+4).
 Z - a +2 cloak (worn)
Magical staves
 S - an uncursed staff of energy {unknown}
Jewellery
 c - a +6 ring of evasion
 i - a +4 ring of protection
 D - an uncursed ring of see invisible
 E - an uncursed ring of sustain attributes
 H - an uncursed amulet of resist mutation
 J - an amulet of warding (around neck)
 N - a ring of protection from fire (left hand)
 U - a ring of positive energy (right hand)
Magical devices
 d - a wand of teleportation (6)
 g - a wand of disintegration (5)
 q - a wand of digging (4)
 v - a wand of teleportation (5)
Scrolls
 a - a scroll of holy word
 b - 14 scrolls of remove curse
 e - 2 scrolls of identify
 j - 5 scrolls of blinking
 m - 3 scrolls of amnesia
 n - 2 scrolls of torment
 y - 3 scrolls of immolation
 z - a scroll of enchant armour
 A - 4 scrolls of teleportation
 R - 6 scrolls of recharging
Potions
 o - 6 potions of curing
 p - a potion of beneficial mutation
 t - 3 potions of invisibility
 K - 3 potions of mutation
 O - 2 potions of cancellation
 P - a potion of ambrosia
 Q - a potion of magic
 W - 2 potions of heal wounds
Books
 s - the Compendium of Virous Cold
   (You found it on level 8 of the Lair of Beasts)

   Spells                             Type                      Level
   a - Freeze                         Ice                          1
   b - Ensorcelled Hibernation        Hexes/Ice                    2
   c - Cure Poison                    Poison                       2
   d - Mephitic Cloud                 Conjuration/Poison/Air       3
   e - Ice Form                       Ice/Transmutation            4
   f - Ozocubu's Refrigeration        Ice                          6
 B - a book of Enchantments

   Spells                             Type                      Level
   a - Cause Fear                     Hexes                        4
   b - Silence                        Hexes/Air                    5
   c - Deflect Missiles               Charms/Air                   6
   d - Haste                          Charms                       6
   e - Discord                        Hexes                        8
 C - a book of Summonings

   Spells                             Type                      Level
   a - Recall                         Summoning/Translocation      3
   b - Aura of Abjuration             Summoning                    5
   c - Shadow Creatures               Summoning                    5
   d - Summon Demon                   Summoning                    5
   e - Summon Forest                  Summoning/Translocation      5
   f - Summon Mana Viper              Hexes/Summoning              5
 X - Umicw's Almanac of Feathers
   (You found it on level 7 of the Lair of Beasts)

   Spells                             Type                      Level
   a - Repel Missiles                 Charms/Air                   2
   b - Mephitic Cloud                 Conjuration/Poison/Air       3
   c - Summon Lightning Spire         Summoning/Air                4
   d - Conjure Ball Lightning         Conjuration/Air              6
Comestibles
 f - 5 beef jerkies
 r - 13 meat rations
 u - a slice of pizza
 w - 17 bread rations
 F - 7 fruits


   Skills:
 + Level 10.6(15.6) Fighting
 - Level 18.0(23.0) Axes
 + Level 10.1(15.1) Armour
 * Level 12.3(17.3) Dodging
 + Level 11.1(16.1) Shields
 * Level 7.4 Transmutations
 - Level 6.0 Invocations


You had 13 spell levels left.
You knew the following spells:

 Your Spells              Type           Power        Failure   Level  Hunger
a - Stoneskin             Trmt/Erth      #.......     24%         2    ###....


Dungeon Overview and Level Annotations

Branches:
Dungeon (14/15)            Temple (1/1) D:5            Lair (8/8) D:10
 Shoals (0/4) Lair:5       Spider (0/4) Lair:5        Slime (0/6) Lair:6
    Orc (4/4) D:12            Elf (0/3) Orc:4        Vaults (0/5) D:13

Altars:
Ashenzari
Cheibriados
Dithmenos
Elyvilon
Fedhas
Gozag
Kikubaaqudgha
Makhleb
Nemelex Xobeh
Okawaru
Qazlal
Ru
Sif Muna
Trog
Vehumet
Xom
Yredelemnul
Zin
The Shining One
Beogh

Shops:
D:10 !   D:11 :   D:13 :   Orc:4 :*([

Annotations:
D:14 Sonja


Innate Abilities, Weirdness & Mutations

You have a beak for a mouth.
You have claws for feet.
You can fly continuously.
You are frail (-10% HP).
[You often lose your temper in combat.]
[Scrolls take you longer to read.]
[Armour fits poorly on your strangely shaped body.]
[Your body sometimes deteriorates upon taking damage.]
[You are dopey. (Int -2)]
[Your magical capacity is extremely low (-30% MP).]
[You frequently scream uncontrollably at your foes.]
[You heal slowly when monsters are visible.]
[You are very weak. (Str -4)]
[Your spells are a little easier to cast, but a little less powerful.]
[You expend magic power (3 MP) to strengthen your wands.]


Message History

The Hell Sentinel closely misses you. You block the Hell Sentinel's attack.
You closely miss the ancient lich.
You claw the ancient lich, but do no damage.
The ancient lich is almost destroyed.
You barely miss the shadow demon. You hit the Hell Sentinel.
The Hell Sentinel is lightly wounded.
The ancient lich misses you.
The shadow demon gestures.
You block the Hell Sentinel's attack. The Hell Sentinel closely misses you.
You hit the ancient lich but do no damage.
You claw the ancient lich, but do no damage.
The ancient lich is almost destroyed.
You are struck by the Hell Sentinel's spines.
You slash the Hell Sentinel!
The Hell Sentinel is lightly wounded.
You hit the shadow demon. You burn the shadow demon.
The shadow demon is lightly wounded.
The ancient lich launches a ball of destructive magic.
The wavering orb of destruction weakly hits you!
You die...

.... ....... .
........... . .
...#......# ....
..#......#
#...###.........
....#..........
.....3.2L.......
.......1@.......
......4.........
.....#..........
#... ##.#......#
.. ..#..(...#
...........
...........
............
.#.. . ....


You could see a Hell Sentinel, an ancient lich, a shadow demon, a rust devil and
a neqoxec.

Vanquished Creatures
  Saint Roka (Orc:4)
  A tentacled starspawn (Abyss:1)
  A draconian monk (Abyss:1)
  Donald (Orc:3)
  Maud (D:11)
  The ghost of Kusio the Brawler, a powerful TrMo (Orc:1)
  A purple draconian (Abyss:1)
  Snorg (Orc:3)
  4 vault guards (D:13)
  A minotaur (Lab)
  5 hydras
  A naga warrior (Abyss:1)
  2 centaur warriors
  A catoblepas (Lair:8)
  A thrashing horror (Abyss:1)
  9 death yaks (Lair:8)
  2 orc high priests
  Urug (Orc:4)
  A soul eater (Abyss:1)
  A wretched star (Abyss:1)
  2 unseen horrors
  Pikel (D:5)
  A lindwurm (Lair:7)
  8 ugly things
  3 orc knights
  2 cyclopes
  4 hill giants
  2 large abominations (Abyss:1)
  An oklob plant (Lair:6)
  A necromancer (Lair:6)
  3 orc sorcerers (Orc:4)
  4 black mambas
  A manticore (D:11)
  20 elephants
  A worldbinder (Abyss:1)
  5 griffons
  A guardian serpent (Abyss:1)
  A naga mage (Abyss:1)
  A spectral centaur (D:11)
  Maurice (Orc:3)
  2 gargoyles
  2 centaur skeletons
  A torpor snail (Lair:8)
  15 spiny frogs
  An eye of devastation (Lair:6)
  2 fire drakes (Lair:1)
  An ancient zyme (Abyss:1)
  6 komodo dragons
  3 giant leeches (Lair:8)
  5 polar bears (D:8)
  Grinder (D:5)
  Prince Ribbit (D:8)
  A troll (D:13)
  2 two-headed ogres
  23 blink frogs
  2 deep elf magi
  44 yaks
  A snapping turtle (Lair:5)
  5 small abominations (Abyss:1)
  2 shadows (D:13)
  Sigmund (D:6)
  5 wyverns
  A redback (Lair:5)
  A spriggan (D:7)
  A vampire (D:13)
  A ynoxinul (Abyss:1)
  A wraith (Orc:1)
  A chaos spawn (Abyss:1)
  A water elemental (D:12)
  Grum (D:9)
  11 wolves
  A basilisk (D:13)
  2 fire bats (Abyss:1)
  3 wargs
  A steam dragon (D:10)
  2 neqoxecs (Abyss:1)
  5 hippogriffs
  7 vampire mosquitoes (Lair:8)
  A hungry ghost (D:12)
  11 water moccasins
  A spatial vortex (Abyss:1)
  29 orc warriors
  2 phantoms
  5 sky beasts
  A black bear (D:11)
  6 ice beasts
  3 eyes of draining
  A wasp (D:12)
  9 ogres
  2 necrophages
  5 centaurs
  13 porcupines
  16 crocodiles
  A brain worm (D:11)
  A big kobold (D:8)
  Blork the orc (D:6)
  A gnoll sergeant (D:9)
  An elf zombie (Ossuary)
  31 giant frogs
  A water moccasin skeleton (D:8)
  2 scorpions
  10 wights
  11 electric eels
  10 killer bees
  3 centaur zombies
  6 hounds
  6 crimson imps
  40 orc priests
  A jelly (D:8)
  An iron imp (Abyss:1)
  A gnoll shaman (D:4)
  A giant frog zombie (D:11)
  3 giant frog skeletons
  9 iguanas
  35 orc wizards
  2 wolf simulacra (Lair:6)
  2 worker ants
  3 polar bear simulacra (Lair:6)
  2 big kobold zombies (Ossuary)
  3 yak simulacra (Lair:6)
  42 sheep
  3 hound zombies
  3 hound skeletons
  4 mummies (Ossuary)
  11 gnolls
  2 worker ant zombies
  57 river rats
  2 shadow imps
  12 adders
  2 white imps (D:8)
  2 ufetubi (D:8)
  3 adder zombies (Ossuary)
  An adder skeleton (D:8)
  6 worms
  211 orcs
  4 ball pythons
  4 bats
  10 giant cockroaches
  2 gnoll zombies (Ossuary)
  9 goblins
  2 hobgoblins (D:1)
  19 jackals
  2 quokkas
  7 giant geckos
  2 giant gecko skeletons
  8 giant newts
  A hobgoblin zombie (Ossuary)
  21 kobolds
  An orc zombie (Ossuary)
  A quokka skeleton (D:8)
  11 rats
  3 river rat simulacra (Lair:6)
  8 fungi
  18 plants
  A starspawn tentacle (Abyss:1)
1054 creatures vanquished.

Vanquished Creatures (others)
  A deep elf mage (D:11)
  An ogre (Orc:4)
  A killer bee simulacrum (D:8)
  An orc (Orc:4)
  4 butterflies (D:5)
  11 fungi
  A lurking horror (Abyss:1)
  16 plants
  3 starspawn tentacles (Abyss:1)
  117 starspawn tentacle segments (Abyss:1)
156 creatures vanquished.

Grand Total: 1210 creatures vanquished

Notes
Turn   | Place    | Note
--------------------------------------------------------------
     0 | D:1      | Herrn the Tengu Fighter began the quest for the Orb.
     0 | D:1      | Reached XP level 1. HP: 14/14 MP: 2/2
   150 | D:1      | Reached XP level 2. HP: 17/19 MP: 3/3
   536 | D:2      | Found a radiant altar of Vehumet.
   621 | D:2      | Reached XP level 3. HP: 13/23 MP: 4/4
   972 | D:2      | Found a sparkling altar of Nemelex Xobeh.
  1018 | D:2      | Reached skill level 4 in Armour
  1018 | D:2      | Reached skill level 1 in Dodging
  1413 | D:2      | Reached XP level 4. HP: 28/28 MP: 5/5
  2400 | D:3      | Found a shadowy altar of Dithmenos.
  2492 | D:3      | Found a faded altar to an unknown god.
  2617 | D:4      | Gained mutation: You can fly. [Tengu growth]
  2617 | D:4      | Reached XP level 5. HP: 29/32 MP: 6/6
  2651 | D:4      | Noticed an ogre
  2658 | D:4      | Killed an ogre
  2658 | D:4      | Reached XP level 6. HP: 9/37 MP: 1/7
  3102 | D:4      | Found a deep blue altar of Sif Muna.
  3170 | D:4      | Found a glowing silver altar of Zin.
  3588 | D:4      | Reached skill level 5 in Armour
  3932 | D:4      | Reached XP level 7. HP: 37/41 MP: 8/8
  3964 | D:4      | Found a bloodstained altar of Trog.
  3968 | D:4      | Found a glowing golden altar of the Shining One.
  3971 | D:4      | Found an iron altar of Okawaru.
  3979 | D:4      | Became a worshipper of Warmaster Okawaru
  4036 | D:4      | Found an opulent altar of Gozag.
  4359 | D:4      | Reached skill level 5 in Axes
  4496 | D:5      | Entered Level 5 of the Dungeon
  4516 | D:5      | Reached skill level 1 in Invocations
  4533 | D:5      | Found a staircase to the Ecumenical Temple.
  4566 | D:5      | Noticed Pikel
  4575 | D:5      | Killed Pikel
  4575 | D:5      | Acquired Okawaru's first power
  4575 | D:5      | Reached skill level 6 in Axes
  4575 | D:5      | Reached XP level 8. HP: 46/48 MP: 8/10
  4629 | D:5      | Noticed Grinder
  4632 | D:5      | Paralysed by Grinder for 7 turns
  4656 | D:5      | Paralysed by Grinder for 7 turns
  4667 | D:5      | Killed Grinder
  4691 | D:5      | Reached skill level 5 in Shields
  4722 | D:5      | Found a white marble altar of Elyvilon.
  4766 | D:5      | Found a sand-covered staircase.
  4771 | Ossuary  | Entered an ossuary
  4820 | Ossuary  | Reached skill level 7 in Axes
  5090 | D:5      | Reached XP level 9. HP: 52/52 MP: 12/12
  5130 | Temple   | Entered the Ecumenical Temple
  5608 | D:6      | Found a glowing drain.
  5612 | Sewer    | Entered a sewer
  6321 | D:6      | Noticed Blork the orc
  6327 | D:6      | Killed Blork the orc
  6613 | D:6      | Noticed Sigmund
  6646 | D:6      | Killed Sigmund
  6651 | D:6      | Reached skill level 8 in Axes
  7215 | D:6      | Reached skill level 5 in Fighting
  7215 | D:6      | Reached skill level 5 in Dodging
  7811 | D:7      | Noticed a moth of wrath
  7813 | D:7      | Found a bloodstained altar of Trog.
  8154 | D:7      | Reached XP level 10. HP: 30/57 MP: 13/13
  8544 | D:8      | Reached skill level 9 in Axes
  8876 | D:8      | Found a sparkling altar of Nemelex Xobeh.
  9151 | D:9      | Found a stormy altar of Qazlal.
  9329 | D:8      | Noticed Prince Ribbit
  9341 | D:8      | Killed Prince Ribbit
  9361 | D:8      | Reached skill level 10 in Axes
 10080 | D:8      | Reached skill level 5 in Invocations
 10080 | D:8      | Reached XP level 11. HP: 56/62 MP: 15/15
 10904 | D:9      | Noticed a hill giant
 10913 | D:9      | Killed a hill giant
 10913 | D:9      | Acquired Okawaru's second power
 10947 | D:9      | Reached skill level 11 in Axes
 11089 | D:9      | Found a snail-covered altar of Cheibriados.
 11089 | D:9      | Noticed Grum
 11121 | D:9      | Killed Grum
 11401 | D:10     | Entered Level 10 of the Dungeon
 11403 | D:10     | Found Zobua's Distillery.
 11437 | D:10     | Got a scorched buckler
 11449 | D:10     | Identified the +3 buckler of Divine Compulsion {Int+4} (You found it on level 10 of the Dungeon)
 11770 | D:10     | Found a staircase to the Lair.
 12350 | D:11     | Noticed an eight-headed hydra
 12366 | D:11     | Killed an eight-headed hydra
 12664 | D:11     | Learned a level 2 spell: Stoneskin
 12803 | D:11     | Received a gift from Okawaru
 13034 | D:11     | Got a crystal demon trident {god gift}
 13039 | D:11     | Reached skill level 12 in Axes
 13049 | D:11     | Identified the +5 demon trident of Hoxufroc {vamp, *Drain MP+9 Str+4} (Okawaru gifted it to you on level 11 of the Dungeon)
 13459 | D:11     | Reached skill level 1 in Transmutations
 13459 | D:11     | Reached XP level 12. HP: 64/70 MP: 17/17
 13463 | D:11     | Noticed Maud
 13482 | D:11     | Killed Maud
 13874 | D:11     | Found Ecaodaru's Book Emporium.
 13883 | D:11     | Received a gift from Okawaru
 14540 | D:12     | Found a staircase to the Orcish Mines.
 15076 | D:12     | Reached skill level 13 in Axes
 15417 | D:13     | Found a shadowy altar of Dithmenos.
 15492 | D:13     | Found a gate to the Vaults.
 15492 | D:13     | Noticed a vault guard
 15492 | D:13     | Noticed a vault guard
 15492 | D:13     | Noticed a vault guard
 15492 | D:13     | Noticed a vault guard
 15492 | D:13     | Noticed a centaur warrior
 15536 | D:13     | Killed a vault guard
 15913 | Orc:1    | Entered Level 1 of the Orcish Mines
 15969 | Orc:1    | Found a burning altar of Makhleb.
 16054 | Orc:1    | Noticed Kusio's ghost (powerful TrMo)
 16080 | Orc:1    | HP: 1/73 [Kusio's ghost (19)]
 16135 | Orc:1    | Received a gift from Okawaru
 17497 | Orc:3    | Noticed Maurice
 17569 | Orc:3    | Noticed an orc high priest
 17584 | Orc:3    | Killed an orc high priest
 17584 | Orc:3    | Reached XP level 13. HP: 23/78 MP: 18/18
 17585 | Orc:3    | Noticed Donald
 17713 | Orc:3    | Killed Maurice
 17919 | Orc:3    | Killed Donald
 17919 | Orc:3    | Reached skill level 14 in Axes
 18004 | Orc:3    | Noticed Snorg
 18015 | Orc:3    | Killed Snorg
 18925 | Orc:4    | Entered Level 4 of the Orcish Mines
 19005 | Orc:4    | Noticed Saint Roka
 19433 | Lair:1   | Entered Level 1 of the Lair of Beasts
 21845 | Lair:3   | Found a labyrinth entrance.
 21854 | Lab      | Entered a labyrinth
 22237 | Lab      | Noticed a minotaur
 22244 | Lab      | Killed a minotaur
 22244 | Lab      | Reached skill level 15 in Axes
 22251 | Lab      | Got a slimy scale mail
 22263 | Lab      | Identified the +6 scale mail of the Good {Regen+ rCorr MP+9 Slay-4} (You found it in a labyrinth)
 23298 | Lair:4   | Received a gift from Okawaru
 23518 | Lair:4   | Gained mutation: You can fly continuously. [Tengu growth]
 23518 | Lair:4   | Reached XP level 14. HP: 71/84 MP: 19/19
 23636 | Lair:4   | Reached skill level 10 in Dodging
 23783 | Lair:4   | Reached skill level 5 in Transmutations
 25007 | Lair:5   | Found a hole to the Spider Nest.
 25741 | Lair:5   | Received a gift from Okawaru
 25803 | Lair:5   | Found a staircase to the Shoals.
 25931 | Lair:6   | Found a staircase to the Slime Pits.
 26477 | Lair:6   | Got a shadowed robe
 26490 | Lair:6   | Identified the cursed +1 robe of the Undertaker {*Confuse rPois rN++} (You found it on level 6 of the Lair of Beasts)
 26795 | Lair:7   | Reached skill level 16 in Axes
 27086 | Lair:7   | Identified Umicw's Almanac of Feathers
 27787 | Lair:8   | Entered Level 8 of the Lair of Beasts
 27981 | Lair:8   | Received a gift from Okawaru
 27987 | Lair:8   | Got a dazzling scale mail {god gift}
 27991 | Lair:8   | Identified the +0 scale mail of the Assorted Lives {MP-9 Str+2 Int+3} (Okawaru gifted it to you on level 8 of the Lair of Beasts)
 28039 | Lair:8   | Reached skill level 10 in Shields
 28547 | Lair:8   | Reached XP level 15. HP: 64/91 MP: 20/20
 29208 | Lair:8   | Reached skill level 17 in Axes
 29604 | Lair:8   | Identified the Compendium of Virous Cold
 29909 | Lair:8   | Received a gift from Okawaru
 31199 | Orc:4    | Noticed Urug
 31215 | Orc:4    | Killed Saint Roka
 31215 | Orc:4    | Received a gift from Okawaru
 31220 | Orc:4    | Killed Urug
 31477 | Orc:4    | Found a roughly hewn altar of Beogh.
 31486 | Orc:4    | Found Zyha's Antique Armour Shoppe.
 31498 | Orc:4    | Found Arruatry's Antique Weapon Shoppe.
 31506 | Orc:4    | Reached skill level 10 in Fighting
 31510 | Orc:4    | Found Muox's Book Shoppe.
 31517 | Orc:4    | Found Nyruapagicw's General Store.
 31627 | Orc:4    | Bought a runed cloak for 121 gold pieces
 31627 | Orc:4    | Bought a pair of runed gloves for 121 gold pieces
 31848 | Orc:4    | Found a staircase to the Elven Halls.
 32327 | Orc:1    | Killed Kusio's ghost
 32466 | D:13     | Killed a vault guard
 32534 | D:13     | Killed a vault guard
 32586 | D:13     | Killed a vault guard
 32631 | D:13     | Found Idut's Book Emporium.
 32681 | D:13     | Received a gift from Okawaru
 32692 | D:13     | Killed a centaur warrior
 32695 | D:13     | Reached skill level 18 in Axes
 33302 | D:14     | Reached XP level 16. HP: 97/97 MP: 19/21
 33319 | D:14     | Noticed Sonja
 33323 | D:14     | Cast into the Abyss (Sonja)
 33323 | Abyss:1  | Found a corrupted altar of Lugonu.
 33386 | Abyss:1  | Reached skill level 10 in Armour
 33625 | Abyss:1  | Gained mutation: You are frail (-10% HP). [a neqoxec]
 33644 | Abyss:1  | Noticed a tentacled starspawn
 34222 | Abyss:1  | Noticed a tentacled starspawn
 34291 | Abyss:1  | Received a gift from Okawaru
 34400 | Abyss:1  | Noticed a tentacled starspawn
 34410 | Abyss:1  | Killed a tentacled starspawn
 34426 | Abyss:1  | Noticed an ancient lich
 34430 | Abyss:1  | Noticed a Hell Sentinel
 34443 | Abyss:1  | Blown up by an ancient lich

Vault maps used:
D:1:      enne_arrival_octagon_isle
D:2:      wad_woods_stonehenge, vehumet_crystals
D:3:      lemuel_round_altar, ecumenical_altar_2, grunt_decor_mini_mirrors
D:4:      tgw_sif, minmay_overflow_temple_star_quad, kennysheep_little_box,
          old_standard_altar
D:5:      old_standard_altar, minmay_temple_entry_butterflies, enter_ossuary_2,
          first_bread, roderic_roman_lattice, hangedman_abyss_or_decor_stabs,
          uniq_pikel, uniq_grinder
D:6:      gup_sewer_entry_bowl, uniq_blork_the_orc, uniq_sigmund
D:7:      the_bakery, minmay_misc_feat_cross, tgw_trog
D:8:      kennysheep_mini, serial_ice, serial_ice_j, serial_ice_m, serial_ice_n,
          serial_ice_c, serial_ice_e, serial_ice_d, serial_ice_f, serial_ice_g,
          serial_ice_a, serial_ice_h, uniq_prince_ribbit1
D:9:      lemuel_round_altar, overflow_temple_1_default, uniq_grum
D:10:     dpeg_oklobed_lair, serial_shops, kennysheep_mini_moat
D:11:     kennysheep_six_static_rooms, serial_shops, nicolae_shop_statue_plus,
          hangedman_weighted_door, uniq_maud
D:12:     erik_orc_2, minivault_19
D:13:     lightli_vaults_fourway_checkpoint, serial_shops, shop_coins,
          grunt_dithmenos_smoke
D:14:     serial_shops, shop, minmay_misc_feat_diagonals, fedhas_altar_2,
          uniq_sonja, uniq_kirke
Temple:   temple_island_7
Lair:1:   minivault_11, serial_bayou_pond_a, serial_bayou_lake_a,
          infiniplex_staircase_pool_2, grunt_megastairs_2
Lair:3:   lab_entry_generic
Lair:4:   nicolae_quartered_pool_super, grunt_megastairs_3,
          bh_autumn_forest_stairs
Lair:5:   minmay_shoals_entry_hut, spider_nest_entry_rubble, bh_chokoban,
          beast_lair_carwin_3
Lair:6:   minmay_slime_entry_eyes, eino_house_with_fridge
Lair:7:   serial_bayou_pond_e, minivault_26, serial_bayou_shore_b
Lair:8:   minmay_lair_end_frog_pond
Orc:1:    basic_altar
Orc:3:    nicolae_orc_pool_cavern, uniq_snorg, uniq_donald, uniq_maurice
Orc:4:    grunt_orc_cross
Lab:      nicolae_lab_plus, nicolae_lab_quarters
Sewer:    sewer_co_scattered_pipes
Ossuary:  ossuary_minmay_tomb_2a

Action                   |  1- 3 |  4- 6 |  7- 9 | 10-12 | 13-15 | 16-18 || total
-------------------------+-------+-------+-------+-------+-------+-------++-------
Melee: War axe           |   123 |   172 |   501 |   529 |       |       ||  1325
       Whip              |       |       |       |    11 |    22 |       ||    33
       Broad axe         |       |       |       |   420 |  1694 |   180 ||  2294
Invok: Heroism           |       |       |     5 |    23 |    17 |     8 ||    53
       Finesse           |       |       |       |       |     1 |       ||     1
 Abil: Fly               |       |     1 |     1 |     1 |     1 |       ||     4
Evoke: Wand              |       |       |       |     6 |     5 |       ||    11
  Use: Potion            |       |     1 |     1 |    10 |     6 |     3 ||    21
       Scroll            |       |       |    11 |    23 |    19 |     5 ||    58
 Stab: Distracted        |       |       |       |       |     1 |       ||     1
       Invisible         |       |       |       |       |     9 |       ||     9
  Eat: Chunk             |       |     8 |    12 |    27 |    39 |       ||    86
       Bread ration      |       |     1 |       |       |       |       ||     1
       Beef jerky        |       |       |     1 |     2 |     3 |       ||     6
       Fruit             |       |       |       |     4 |    11 |     3 ||    18
       Pizza             |       |       |       |       |       |     1 ||     1
